 Dungeon Sprint DCSS version 0.31-a0-37-g98a128e1d9 (webtiles) character file.

Game seed: 1273383213939562714

17575 bmack86 the Executioner (level 12, -7/129 HPs)
             Began as a Minotaur Berserker on May 14, 2023.
             Was a High Priest of Trog.
             Shot with an arrow by a deep elf master archer (15 damage)
             ... in the Dungeon (Sprint I: "Red Sonja").
             The game lasted 00:20:16 (2059 turns).

bmack86 the Executioner (Minotaur Berserker)        Turns: 2059, Time: 00:20:17

Health: -7/129     AC: 31    Str: 27    XL:     12   Next: 20%
Magic:  11/11      EV:  7    Int:  4    God:    Trog [*****.]
Gold:   3560       SH:  0    Dex: 10    Spells: 11/11 levels left

rFire   . . .        u - +5 executioner's axe (flame)
rCold   + . .        (shield currently unavailable)
rNeg    + + +        a - +0 gold dragon scales
rPois   +            t - +0 hat "Morho" {Fly rF- rN+++ Regen+}
rElec   .            A - +1 cloak
rCorr   +            o - +0 pair of gloves
SInv    .            (no boots)
Will    .....        (no amulet) Stlth
                     n - ring of resist corrosion
HPRegen 1.21/turn    w - +4 ring of protection
MPRegen 0.12/turn

%: no teleportation
@: flying
A: horns 2, retaliatory headbutt
a: Renounce Religion, Berserk, Trog's Hand, Brothers in Arms


You were in the Dungeon.
You worshipped Trog.
Trog was extremely pleased with you.
You visited 1 branch You collected 5397 gold pieces.
You spent 1837 gold pieces at shops.

Inventory:

Hand Weapons
 u - a +5 executioner's axe of flaming (weapon)
 y - a +3 heavy broad axe
 C - a +2 war axe
 D - the +8 executioner's axe "Popyv" {speed, Int+2 Dex+3}
   (You acquired it in the Dungeon)

   Int:       It affects your intelligence (+2).
   Dex:       It affects your dexterity (+3).
 F - the +12 morningstar "Jellyslayer" {flame, Fly}
   (You found it in the Dungeon)

   Fly:       It grants you flight.
Missiles
 q - 4 curare-tipped darts
Armour
 a - +0 gold dragon scales (worn)
 b - a +0 animal skin
 j - a +0 leather armour
 l - +0 shadow dragon scales
 m - the +3 hat "Rogiyca" {Will+}
   (You acquired it in the Dungeon)

   Will:      It increases your willpower.
 o - a +0 pair of gloves (worn)
 p - the +6 scale mail "Kelim" {Dex+3 Stlth+}
   (You bought it in a shop in the Dungeon)

   Dex:       It affects your dexterity (+3).
   Stlth:     It makes you more stealthy.
 s - a +0 chain mail of cold resistance
 t - the +0 hat "Morho" (worn) {Fly rF- rN+++ Regen+}
   (You bought it in a shop in the Dungeon)

   rF:        It makes you vulnerable to fire.
   rN:        It renders you almost immune to negative energy.
   Fly:       It grants you flight.
   Regen:     It increases your rate of health regeneration.
 A - a +1 cloak (worn)
 B - the +5 Storm Queen's Shield {shock, Fly rElec}
   (You bought it in a shop in the Dungeon)

   Shock:     When it blocks an attack, it may electrocute the attacker.
   This works even against foes who are a short distance away.
   rElec:     It insulates you from electricity.
   Fly:       It grants you flight.
Jewellery
 n - a ring of resist corrosion (left hand)
 w - a +4 ring of protection (right hand)
 x - a +6 ring of intelligence
 E - a +5 ring of evasion
Wands
 i - a wand of mindburst (14) (quivered)
 r - a wand of flame (16)
 z - a wand of light (7)
Scrolls
 h - 2 scrolls of blinking
Potions
 c - 6 potions of curing
 d - a potion of heal wounds
 e - 3 potions of haste
 f - 2 potions of magic
 g - a potion of berserk rage
 k - a potion of might {unknown}
Miscellaneous
 v - a piece from Xom's chessboard (15/15)


   Skills:
 + Level 18.9 Fighting
 - Level 24.0 Axes
 + Level 18.9 Armour
 - Level 2.1 Dodging
 - Level 8.0 Evocations


You had 11 spell levels left.
You didn't know any spells.
Your spell library was empty.

Dungeon Overview and Level Annotations

Branches:
Dungeon (1/1)

Altars:
Cheibriados
Dithmenos
Elyvilon
Fedhas
Gozag
Hepliaklqana
Kikubaaqudgha
Makhleb
Nemelex Xobeh
Okawaru
Qazlal
Ru
Sif Muna
Trog
Uskayaw
Vehumet
Wu Jian
Xom
Yredelemnul
Zin
The Shining One
Jiyva
Lugonu

Shops:
D [[[[::(:([(*(**[!:


Innate Abilities, Weirdness & Mutations

You have a pair of horns on your head.
You reflexively headbutt those who attack you in melee.


Message History

The deep elf master archer wields a +0 longbow.
The deep elf master archer shoots an arrow.
The arrow hits you but does no damage.
Found 54 gold pieces.
Found 54 gold pieces.
The deep elf master archer shoots an arrow.
The arrow hits you!
The deep elf master archer shoots an arrow.
The arrow hits you but does no damage.
The deep elf master archer shoots an arrow.
The arrow hits you!
The deep elf master archer shoots an arrow.
The arrow hits you but does no damage.
The deep elf master archer shoots an arrow.
The arrow hits you!!
The deep elf master archer shoots an arrow.
The arrow hits you!
The deep elf master archer shoots an arrow.
The arrow hits you!
The deep elf master archer shoots an arrow.
The arrow hits you!
You barely miss the deep elf master archer.
You headbutt the deep elf master archer.
The deep elf master archer is lightly wounded.
The deep elf master archer shoots an arrow.
The arrow hits you!
You slice the deep elf master archer!! You burn the deep elf master archer!
The deep elf master archer is heavily wounded.
The deep elf master archer shoots an arrow.
The arrow hits you!
* * * LOW HITPOINT WARNING * * *
You barely miss the deep elf master archer.
Your headbutt misses the deep elf master archer.
The deep elf master archer is heavily wounded.
The deep elf master archer shoots an arrow.
The arrow hits you!!
* * * LOW HITPOINT WARNING * * *
The deep elf master archer shoots an arrow.
The arrow hits you!
You die...

#.#~~~##........##○○#
#.#~~~~##:....)##...#
..#~~~~~########.°..#
####~~~~#~~~~~#.°...#
#..#'~~~'~~.~~'°°...#
#...##~~#~~~~~#~☼○°.#
#....######+#####~~~#
#....#~~≈≈≈≈≈≈≈≈##~~#
#######~~~~@≈≈≈≈≈≈≈~#
+$$.e~~~~~~#≈≈#
#$$$$$$$$~~~#≈#
###############


You could see a deep elf master archer.

Vanquished Creatures
  the Lernaean hydra (D)
  A golden dragon (D)
  A shadow dragon (D)
  A deep elf annihilator (D)
  A mummy priest (D)
  A hydra (D)
  2 centaur warriors (D)
  Sonja (D)
  A deep troll (D)
  2 oklob plants (D)
  2 merfolk sirens (D)
  A gargoyle (D)
  2 kobold demonologists (D)
  A hellwing (D)
  5 hornets (D)
  Sigmund (D)
  A slime creature (D)
  13 hogs (D)
  A yak (D)
  2 redbacks (D)
  3 floating eyes (D)
  An ogre (D)
  2 necrophages (D)
  4 jellies (D)
  Ijyb (D)
52 creatures vanquished.

Vanquished Creatures (collateral kills)
  A lindwurm (D)
  4 demonic crawlers (D)
  5 necrophages (D)
  4 jellies (D)
14 creatures vanquished.

Vanquished Creatures (others)
  2 ballistomycete spores (D)
2 creatures vanquished.

Grand Total: 68 creatures vanquished

Notes
Turn   | Place    | Note
-------+----------+-------------------------------------------
     0 | D        | bmack86 the Minotaur Berserker began the quest for the Orb.
     0 | D        | Reached XP level 1. HP: 19/19 MP: 0/0
     3 | D        | Noticed Ijyb
    14 | D        | Killed Ijyb
    15 | D        | Reached skill level 5 in Fighting
    15 | D        | Reached skill level 6 in Axes
    15 | D        | Reached XP level 2. HP: 10/29 MP: 1/1
    80 | D        | Noticed an ogre
    85 | D        | Killed an ogre
    86 | D        | Reached skill level 8 in Axes
    86 | D        | Reached skill level 5 in Armour
    86 | D        | Reached XP level 3. HP: 22/38 MP: 2/2
    86 | D        | Reached XP level 4. HP: 26/45 MP: 3/3
   175 | D        | Noticed Sigmund
   179 | D        | Killed Sigmund
   179 | D        | Reached ** piety under Trog
   180 | D        | Reached skill level 10 in Axes
   180 | D        | Reached XP level 5. HP: 53/53 MP: 4/4
   180 | D        | Reached XP level 6. HP: 61/61 MP: 5/5
   212 | D        | Found a burning altar of Makhleb.
   212 | D        | Found a viscous altar of Jiyva.
   212 | D        | Found a shimmering altar of Xom.
   212 | D        | Found a corrupted altar of Lugonu.
   212 | D        | Noticed a slime creature
   217 | D        | Killed a slime creature
   218 | D        | Reached skill level 11 in Axes
   218 | D        | Reached skill level 5 in Evocations
   258 | D        | Found an ornate altar of the Wu Jian Council.
   258 | D        | Found a shimmering blue altar of Sif Muna.
   260 | D        | Found a radiant altar of Vehumet.
   348 | D        | Found Ezuat's Antique Armour Emporium.
   348 | D        | Found an ancient bone altar of Kikubaaqudgha.
   348 | D        | Found a hazy altar of Hepliaklqana.
   348 | D        | Found a stormy altar of Qazlal.
   348 | D        | Found a hide-covered altar of Uskayaw.
   348 | D        | Found a blossoming altar of Fedhas.
   348 | D        | Found a bloodstained altar of Trog.
   348 | D        | Found an iron altar of Okawaru.
   348 | D        | Found a basalt altar of Yredelemnul.
   348 | D        | Found a glowing golden altar of the Shining One.
   348 | D        | Found a snail-covered altar of Cheibriados.
   348 | D        | Found a sacrificial altar of Ru.
   348 | D        | Found a glowing silver altar of Zin.
   348 | D        | Found a shadowy altar of Dithmenos.
   348 | D        | Found a white marble altar of Elyvilon.
   348 | D        | Noticed a yak
   355 | D        | Killed a yak
   356 | D        | Reached skill level 12 in Axes
   356 | D        | Reached XP level 7. HP: 52/70 MP: 6/6
   356 | D        | Found an opulent altar of Gozag.
   357 | D        | Found a sparkling altar of Nemelex Xobeh.
   361 | D        | Bought a pair of gloves for 112 gold pieces
   361 | D        | Bought a fine scale mail for 225 gold pieces
   361 | D        | Identified the +6 scale mail "Kelim" {Dex+3 Stlth+} (You
                  | bought it in a shop in the Dungeon)
   412 | D        | Noticed Sonja
   413 | D        | Killed Sonja
   413 | D        | Reached *** piety under Trog
   414 | D        | Reached skill level 10 in Fighting
   414 | D        | Reached skill level 14 in Axes
   414 | D        | Reached skill level 10 in Armour
   414 | D        | Reached XP level 8. HP: 80/80 MP: 7/7
   434 | D        | Found Nesmuw's Armour Boutique.
   487 | D        | Noticed a deep troll
   492 | D        | Killed a deep troll
   493 | D        | Reached skill level 15 in Axes
   502 | D        | Found Xapnocydgh's Armour Emporium.
   509 | D        | Bought the +0 hat "Morho" {Fly rF- rN+++ Regen+} for 325
                  | gold pieces
   541 | D        | Noticed a centaur warrior
   543 | D        | Noticed a centaur warrior
   549 | D        | Killed a centaur warrior
   550 | D        | Reached skill level 16 in Axes
   550 | D        | Reached XP level 9. HP: 90/90 MP: 8/8
   552 | D        | Killed a centaur warrior
   553 | D        | Reached skill level 17 in Axes
   590 | D        | Reached **** piety under Trog
   625 | D        | Noticed an oklob plant
   632 | D        | Killed an oklob plant
   724 | D        | Reached skill level 18 in Axes
   731 | D        | Found the +6 lightning scales {swift, rElec}
   733 | D        | Reached ***** piety under Trog
   734 | D        | Reached XP level 10. HP: 94/101 MP: 9/9
   768 | D        | Found Lealy's Armour Shoppe.
   768 | D        | Found Qoplef's Antique Armour Shop.
   768 | D        | Found Wuke's Book Boutique.
   770 | D        | Found Wehiteumm's Book Emporium.
   770 | D        | Found Kyaqi's Antique Weapon Shop.
   770 | D        | Found Roanona's Book Shoppe.
   770 | D        | Found Omuguelioth's Antique Weapon Boutique.
   770 | D        | Found Nareczom's Armour Emporium.
   770 | D        | Found Xinemireck's Weapon Shop.
   770 | D        | Found Lafess's General Store.
   774 | D        | Found Xiol's Antique Weapon Boutique.
   775 | D        | Found Ywkuhu Noyb's Assorted Antiques.
   775 | D        | Found Xoppar's General Store.
   776 | D        | Found Xog Bute's Distillery.
   781 | D        | Bought a scroll of blinking for 75 gold pieces
   783 | D        | Bought a large diamond ring for 80 gold pieces
   783 | D        | Bought a scroll labelled TIUNNA MIEG for 16 gold pieces
   783 | D        | Bought a blackened wooden ring for 80 gold pieces
   783 | D        | Bought a scroll labelled QOOZ CEJAG for 16 gold pieces
   783 | D        | Bought a twisted wooden wand for 64 gold pieces
   798 | D        | Bought a +1 cloak for 161 gold pieces
   798 | D        | Bought the +5 Storm Queen's Shield {shock, Fly rElec} for
                  | 638 gold pieces
   798 | D        | Found the +5 Storm Queen's Shield {shock, Fly rElec}
   810 | D        | Bought a +0 war axe for 45 gold pieces
   873 | D        | Paralysed by a floating eye for 2 turns
   884 | D        | Reached ****** piety under Trog
   885 | D        | Reached skill level 19 in Axes
   889 | D        | Received a gift from Trog
   902 | D        | Noticed a demonic crawler
   902 | D        | Noticed a demonic crawler
   902 | D        | Noticed a demonic crawler
   902 | D        | Noticed a demonic crawler
   907 | D        | Killed a demonic crawler
   908 | D        | Killed a demonic crawler
   913 | D        | Killed a demonic crawler
   914 | D        | Killed a demonic crawler
   915 | D        | Reached skill level 20 in Axes
   936 | D        | Noticed a lindwurm
   938 | D        | Killed a lindwurm
   938 | D        | Received a gift from Trog
   939 | D        | Reached skill level 15 in Fighting
   939 | D        | Reached skill level 15 in Armour
   947 | D        | Identified a scroll of acquirement
   947 | D        | Acquired the +3 hat "Rogiyca" {Will+}
   992 | D        | Reached skill level 21 in Axes
   992 | D        | Reached XP level 11. HP: 89/113 MP: 10/10
  1002 | D        | Received a gift from Trog
  1090 | D        | Noticed a 12-headed hydra
  1092 | D        | Killed a ten-headed hydra
  1488 | D        | Acquired the +8 executioner's axe "Popyv" {speed, Int+2
                  | Dex+3}
  1496 | D        | Noticed a shadow dragon
  1496 | D        | Noticed a golden dragon
  1503 | D        | Killed a shadow dragon
  1504 | D        | Reached skill level 22 in Axes
  1505 | D        | Killed a golden dragon
  1588 | D        | Found Suriaq's Book Shoppe.
  1646 | D        | Noticed a deep elf annihilator
  1654 | D        | Reached skill level 23 in Axes
  1657 | D        | Killed a deep elf annihilator
  1657 | D        | Received a gift from Trog
  1661 | D        | Noticed a mummy priest
  1665 | D        | Noticed an oklob plant
  1765 | D        | Killed an oklob plant
  1770 | D        | Killed a mummy priest
  1771 | D        | Reached skill level 24 in Axes
  1842 | D        | Noticed the 27-headed Lernaean hydra
  1849 | D        | Killed the 22-headed Lernaean hydra
  1850 | D        | Reached XP level 12. HP: 81/129 MP: 11/11
  1959 | D        | Found the sphere of Battle
  1979 | D        | Identified the +12 morningstar "Jellyslayer" {flame, Fly}
  2051 | D        | Noticed a deep elf master archer
  2059 | D        | Shot with an arrow by a deep elf master archer

Illustrated notes

Levels and vault maps discovered:
D:        dungeon_sprint_1 [red_sonja_temple_1, red_sonja_temple_small_1]

Skill      XL: |  1  2  3  4  5  6  7  8  9 10 11 |
---------------+----------------------------------+-----
Fighting       | 5 6 7 9 10 11 13 15 18 | 18.9
Axes           | 6 8 10 12 14 16 18 21 24 | 24.0
Armour         | 4 5 7 8 10 11 13 15 18 | 18.9
Evocations     | 2 4 5 6 8 |  8.0
Dodging        | |  2.1

Action                     |  1- 3 |  4- 6 |  7- 9 | 10-12 || total
---------------------------+-------+-------+-------+-------++-------
  Melee: Hand axe          |    14 |     2 |       |       ||    16
         Battleaxe         |       |    10 |    32 |     5 ||    47
         Halberd           |       |     4 |       |       ||     4
         Headbutt          |       |     2 |    13 |    18 ||    33
         War axe           |       |       |       |    18 ||    18
         Executioner's axe |       |       |       |    64 ||    64
 Invoke: Berserk           |     2 |     2 |     2 |     3 ||     9
         Brothers in Arms  |       |       |     1 |     6 ||     7
  Evoke: Wand              |       |       |     1 |       ||     1
    Use: Scroll            |       |       |       |     5 ||     5
 Armour: Animal skin       |     3 |       |       |       ||     3
         Scale mail        |       |       |    11 |    62 ||    73
         Gold dragon scale |       |       |       |    59 ||    59
  Dodge: Dodged            |     3 |     4 |    12 |    30 ||    49
  Block: Kite shield       |       |       |       |    10 ||    10

Table legend: (Time is in decaauts)
 A = Elapsed time spent in this place.
 B = Non-inter-level travel time spent in this place.
 C = Inter-level travel time spent in this place.
 D = Time resting spent in this place.
 E = Time spent auto-exploring this place.
 F = Levels seen in this place.
 G = Mean time per level.
                   A        B        C        D        E       F      G
               +--------+--------+--------+--------+--------+-----+--------+
         Total |   2120 |   2114 |      6 |    900 |      0 |   1 | 2120.0 |
       Dungeon |   2120 |   2114 |      6 |    900 |      0 |   1 | 2120.0 |
               +--------+--------+--------+--------+--------+-----+--------+

Top non-repeatable levels by time:
       D: 2120 daAuts
